 Dungeon Crawl Stone Soup version 0.28-a0-862-g58c29a6370 (webtiles) character file.

Game seed: 8916052053150832774

617 Ijustatesigmund the Skirmisher (level 7, 0/46 HPs)
             Began as a Gargoyle Fighter on Nov 16, 2021.
             Slain by an ogre (14 damage)
             ... on level 5 of the Dungeon.
             The game lasted 00:07:32 (4026 turns).

Ijustatesigmund the Skirmisher (Gargoyle Fighter)   Turns: 4026, Time: 00:07:33

Health: 0/46       AC: 12    Str: 20    XL:     7   Next: 45%
Magic:  7/7        EV:  7    Int:  9    God:
Gold:   170        SH:  8    Dex: 10    Spells: 6/6 levels left

rFire   . . .      SeeInvis .   a - +0 flail (venom)
rCold   . . .      Faith    .   c - +0 kite shield {reflect}
rNeg    + . .      Spirit   .   b - +0 scale mail
rPois   ∞          Reflect  +   m - +0 helmet
rElec   +          Harm     .   (no cloak)
rCorr   .          Rampage  .   (no gloves)
Will    .....                   (no boots)
Stlth   ..........              (no amulet)
HPRegen 0.15/turn               (no ring)
MPRegen 0.10/turn               (no ring)

@: flying
A: sickness immunity, AC +4, negative energy resistance 1, electricity
resistance, torment resistance 1, petrification resistance
a: no special abilities


You were on level 5 of the Dungeon.
You visited 2 branches of the dungeon, and saw 6 of its levels.

You collected 170 gold pieces.

Inventory:

Hand Weapons
 a - a +0 flail of venom (weapon)
Armour
 b - a +0 scale mail (worn)
 c - a +0 kite shield of reflection (worn)
 m - a +0 helmet (worn)
Jewellery
 f - an amulet of the acrobat
Wands
 g - a wand of flame (3)
 k - a wand of iceblast (10)
Scrolls
 h - 2 scrolls of teleportation
Potions
 d - a potion of might
 e - a potion of ambrosia
 i - 2 potions of flight
 j - a potion of mutation {unknown}
 l - a potion of haste {unknown}


   Skills:
 + Level 6.1 Fighting
 + Level 5.0 Maces & Flails
 - Level 3.2 Armour
 - Level 3.3 Shields
 + Level 3.3 Evocations


You had 6 spell levels left.
You didn't know any spells.
Your spell library contained the following spells:

 Spells                   Type           Power      Damage    Failure   Level
 Ensorcelled Hibernation  Hex/Ice        0%         N/A       100%        2
 Tukima's Dance           Hex            0%         N/A       100%        3


Dungeon Overview and Level Annotations

Branches:
Dungeon (5/15)             Temple (1/1) D:4

Altars:
Cheibriados
Elyvilon
Fedhas
Gozag
Hepliaklqana
Kikubaaqudgha
Makhleb
Okawaru
Qazlal
Ru
Sif Muna
Vehumet
Zin
The Shining One

Shops:
D:4 :


Innate Abilities, Weirdness & Mutations

You are immune to sickness and miasma.
Your stone body is resilient. (AC +4)
You are immune to poison.
You resist negative energy. (rN+)
You are resistant to electric shocks. (rElec)
You are resistant to unholy torment.
You are immune to petrification.


Message History

The jelly hits you but does no damage.
You barely miss the black bear.
The black bear is almost dead.
You kill the black bear!
The jelly completely misses you.
Your Fighting skill increases to level 6!
Your Maces & Flails skill increases to level 5!
You hit the jelly but do no damage.
The jelly is poisoned.
Your hands burn!
You block the jelly's attack.
An ogre comes into view. It is wielding a +0 giant club.
The jelly hits you but does no damage.
You thump the jelly!
Your hands burn!
The jelly is heavily wounded.
The jelly closely misses you.
You sock the jelly!
You kill the jelly!
You block the ogre's attack.
You hit the ogre but do no damage. You block the ogre's attack.
You sock the ogre!
The ogre is poisoned.
The ogre is heavily wounded.
You hear the slow rusting of a drain very nearby.
You hear the slow hiss of an avalanche of sand very nearby.
The ogre barely misses you.
Your scale mail prevents you from hitting the ogre.
The ogre is heavily wounded.
The ogre hits you but does no damage.
The ogre hits you with a +0 giant club!!
* * * LOW HITPOINT WARNING * * *
You are too injured to fight recklessly!
Okay, then.
It was a potion of flight.
You feel very buoyant.
You fly up into the air.
You hit the ogre.
The ogre is heavily wounded.
The ogre closely misses you.
You hit the ogre.
The ogre looks as sick as possible!
The ogre is severely wounded.
The ogre hits you with a +0 giant club!
You die...

,,,*****,* ***,,,*,,***,,,,,,,*
,,,*****,***,,,,,*,,,,*,,,,,,**
,,,,,,,,,,,,,,,,,****##.,,**,*
,*****,,,***#.,,,,,,....,,,*,*
,,,,,,,,,,,,..,,,,.#....,,,,,*
,***,,,*,**##.,,**.>....,,,***
,*,,,,**,,,,..,**#......,,***
,,,*,,******#.###O...#,,,,,,*
,,,,,***** #.#.@...##*****,*
,,,,,,,..####.....#..###* *,*
*,****##....<†..........***,****
*,* #......###.##.#...,,,,,,,*
*,**###...##**#..#,.#**,,,,,,,,*
,,,,,.....* ###.##,*# **,,,,,,,*
,.,..##...###...#*,* **,,,,,,*
,.........#...###*,* *,,,,,,*
***#..####..######.# *,,,,,,*


You could see an ogre (extremely poisoned).

Vanquished Creatures
  A black bear (D:5)
  A phantom (D:4)
  2 scorpions
  2 hounds
  2 jellies (D:5)
  An iguana (D:4)
  3 gnolls (D:4)
  8 adders
  An adder skeleton (D:4)
  A worm (D:3)
  A dart slug (D:1)
  3 orcs
  7 endoplasms
  4 giant cockroaches
  7 goblins
  9 hobgoblins
  2 jackals (D:4)
  5 quokkas
  6 ball pythons
  4 bats
  2 frilled lizards (D:2)
  7 kobolds
  5 rats
84 creatures vanquished.

Notes
Turn   | Place    | Note
-------+----------+-------------------------------------------
     0 | D:1      | Ijustatesigmund the Gargoyle Fighter began the quest for
                  | the Orb.
     0 | D:1      | Reached XP level 1. HP: 14/14 MP: 1/1
   246 | D:1      | Reached XP level 2. HP: 17/19 MP: 2/2
   856 | D:1      | Found a faded altar of an unknown god.
  1047 | D:1      | Reached XP level 3. HP: 24/24 MP: 3/3
  1107 | D:1      | Reached skill level 4 in Fighting
  1451 | D:2      | Found an opulent altar of Gozag.
  2087 | D:3      | Reached XP level 4. HP: 29/30 MP: 4/4
  2458 | D:3      | Reached skill level 1 in Evocations
  2458 | D:3      | Reached XP level 5. HP: 22/34 MP: 5/5
  2598 | D:3      | Found a shimmering blue altar of Sif Muna.
  2733 | D:4      | Found Mige's Book Shop.
  2771 | D:4      | Identified the +7 rapier "Dalozoti" {drain, rCorr}
  2799 | D:4      | Reached skill level 5 in Fighting
  2824 | D:4      | Noticed a phantom
  2841 | D:4      | Killed a phantom
  2842 | D:4      | Reached XP level 6. HP: 38/40 MP: 6/6
  3082 | D:4      | Found a staircase to the Ecumenical Temple.
  3089 | Temple   | Entered the Ecumenical Temple
  3654 | D:4      | Identified a scroll of acquirement
  3660 | D:4      | Acquired a +0 kite shield of reflection
  3979 | D:5      | Entered Level 5 of the Dungeon
  3989 | D:5      | Reached XP level 7. HP: 40/45 MP: 7/7
  4016 | D:5      | Reached skill level 6 in Fighting
  4016 | D:5      | Reached skill level 5 in Maces & Flails
  4026 | D:5      | Slain by an ogre

Illustrated notes

Levels and vault maps discovered:
D:1:      psy_arrival_conway, layout_loops_cross,
          hellmonk_ecumenical_altar_crossroads
D:2:      layout_rooms, basic_altar
D:3:      layout_rooms, kennysheep_orc_sif_temple
D:4:      layout_gridville, temple_fountains, serial_shops, shop
D:5:      layout_rooms, lightli_sewer_entry_pipes, enter_ossuary_4,
          nicolae_sextant, uniq_menkaure
Temple:   oiseaux_autumnal_temple

Skill      XL: |  1  2  3  4  5  6  7 |
---------------+----------------------+-----
Fighting       | 4 5 6 |  6.1
Maces & Flails | 3 4 5 |  5.0
Evocations     | 1 2 3 |  3.3
Armour         | |  3.2
Shields        | |  3.3

Action                   |  1- 3 |  4- 6 |  7- 9 || total
-------------------------+-------+-------+-------++-------
Melee: Flail             |   179 |   112 |    14 ||   305
Evoke: Wand              |       |       |     1 ||     1
  Use: Scroll            |     4 |     4 |     1 ||     9
       Potion            |       |     1 |     1 ||     2
Armor: Scale mail        |   100 |    50 |    12 ||   162
Dodge: Dodged            |    89 |    32 |     7 ||   128
Block: Buckler           |    49 |    23 |       ||    72
       Kite shield       |       |    20 |     6 ||    26

Table legend: (Time is in decaauts)
 A = Elapsed time spent in this place.
 B = Non-inter-level travel time spent in this place.
 C = Inter-level travel time spent in this place.
 D = Time resting spent in this place.
 E = Time spent auto-exploring this place.
 F = Levels seen in this place.
 G = Mean time per level.
                   A        B        C        D        E       F      G
               +--------+--------+--------+--------+--------+-----+--------+
         Total |   4128 |   4071 |     57 |    492 |   2851 |   6 |  688.0 |
       Dungeon |   3875 |   3828 |     47 |    492 |   2620 |   5 |  775.0 |
        Temple |    253 |    243 |     10 |      0 |    231 |   1 |  253.0 |
               +--------+--------+--------+--------+--------+-----+--------+

Top non-repeatable levels by time:
     D:1: 1482 daAuts
     D:4: 1076 daAuts
     D:3: 722 daAuts
     D:2: 540 daAuts
  Temple: 253 daAuts
     D:5: 54 daAuts
